 Dungeon Crawl Stone Soup version 0.30.0-5-g1a98f26d00 (webtiles) character file.

Game seed: 4805002679702675153

279352 backslashecho the Warrior (level 21, -9/163 HPs)
             Began as a Djinni Berserker on May 11, 2023.
             Was a High Priest of Trog.
             Mangled by a vault warden
             ... wielding a +0 great mace
              (37 damage)
             ... on level 2 of the Vaults.
             The game lasted 02:31:33 (44984 turns).

backslashecho the Warrior (Djinni Berserker)       Turns: 44984, Time: 02:31:34

Health: -9/163     AC: 20    Str: 16    XL:     21   Next: 31%
Gold:   774        EV: 16    Int: 15    God:    Trog [*****.] SH: 26 Dex: 24

rFire   + + .        b - +5 demon blade (elec)
rCold   + . .        C - +0 tower shield
rNeg    + . .        d - +3 storm dragon scales {Bai Suzhen}
rPois   ∞            m - +0 helmet
rElec   +            x - +1 cloak
rCorr   .            u - +2 pair of gloves
SInv    .            (boots unavailable)
Will    +++++        E - amulet of Roagh {Reflect Contam Harm rC+ Will+ Dex+2 SH+5}
Stlth   ++           W - ring of Fuuggu {rN+ AC+4 Int+4}
HPRegen 1.47/turn    S - ring of protection from cold
MPRegen 0.00/turn

%: harm (+30% outgoing, +20% incoming), reflection, infuse magic (-10 HP)
@: strong-willed, corroded, flying, regenerating
A: sickness immunity, fire resistance 2, cold vulnerability 1, float, innate
caster, HP casting, extra vitality 1
}: 2/15 runes: decaying, gossamer
a: Renounce Religion, Berserk, Trog's Hand, Brothers in Arms


You were on level 2 of the Vaults.
You worshipped Trog.
Trog was extremely pleased with you.
You visited 6 branches of the dungeon, and saw 32 of its levels.
You also visited: Ossuary and Ice Cave.

You collected 4517 gold pieces.
You spent 3743 gold pieces at shops.

Inventory:

Hand Weapons
 a - the +11 Singing Sword {sonic wave}
   (You bought it in a shop on level 2 of the Orcish Mines)
 b - a +5 demon blade of electrocution (weapon)
 e - a +1 dagger of draining
 w - the +6 long sword "Kidiar" {flame, Will+ rCorr Int-5 Dex+2}
   (Trog gifted it to you on level 1 of the Vaults)

   Int:       It affects your intelligence (-5).
   Dex:       It affects your dexterity (+2).
   rCorr:     It protects you from acid and corrosion.
   Will:      It increases your willpower.
Missiles
 p - 33 poisoned darts
 t - 5 curare-tipped darts
 K - a throwing net (quivered)
Armour
 d - +3 storm dragon scales (worn) {Bai Suzhen}
 m - a +0 helmet (worn)
 u - a +2 pair of gloves (worn)
 x - a +1 cloak (worn)
 C - a +0 tower shield (worn)
 Q - +5 ice dragon scales
Jewellery
 E - the amulet of Roagh (around neck) {Reflect Contam Harm rC+ Will+ Dex+2 SH+5}
   (You acquired it on level 8 of the Dungeon)

   [amulet of reflection]

   It reflects blocked missile attacks.
   Dex:       It affects your dexterity (+2).
   rC:        It protects you from cold.
   Contam:    It causes magical contamination when unequipped.
   SH:        It affects your SH (+5).
   Harm:      It increases damage dealt and taken.
   Will:      It increases your willpower.
 L - a ring of resist corrosion
 M - a +6 ring of dexterity
 S - a ring of protection from cold (right hand)
 W - the ring of Fuuggu (left hand) {rN+ AC+4 Int+4}
   (You bought it in a shop on level 2 of the Orcish Mines)

   [ring of protection]

   AC:        It affects your AC (+4).
   Int:       It affects your intelligence (+4).
   rN:        It protects you from negative energy.
 Z - a ring of see invisible
Wands
 k - a wand of charming (42)
 z - a wand of flame (65)
 D - a wand of mindburst (7)
 I - a wand of digging (11)
 V - a wand of iceblast (13)
Scrolls
 c - 5 scrolls of blinking
 f - a scroll of enchant weapon
 h - 3 scrolls of fear
 i - 6 scrolls of poison
 o - 12 scrolls of teleportation
 q - 2 scrolls of silence
 A - 4 scrolls of magic mapping
 G - 19 scrolls of identify
 H - 4 scrolls of vulnerability
 N - 3 scrolls of immolation
Potions
 j - 9 potions of curing
 l - a potion of heal wounds
 n - 6 potions of might
 r - 9 potions of haste
 v - 4 potions of magic
 B - 4 potions of flight
 F - a potion of invisibility
 J - 4 potions of resistance
 O - 7 potions of mutation
 T - 4 potions of ambrosia
Miscellaneous
 g - a lightning rod (4/4)
 s - a box of beasts
 P - a phantom mirror
 X - a condenser vane


   Skills:
 + Level 18.2 Fighting
 - Level 16.0 Long Blades
 - Level 6.0 Throwing
 - Level 9.0 Armour
 + Level 17.8 Dodging
 - Level 9.0 Stealth
 * Level 14.6 Shields
 - Level 1.0 Unarmed Combat
 - Level 9.0 Evocations


You knew the following spells:

 Your Spells              Type           Power      Damage    Failure   Level
a - Lesser Beckoning      Tloc           0%         N/A       100%        2
b - Beastly Appendage     Tmut           0%         N/A       100%        1
c - Stone Arrow           Conj/Erth      0%         3d7       100%        3
d - Swiftness             Air            0%         N/A       100%        3
e - Sticky Flame          Conj/Fire      0%         2d3       100%        4
f - Blade Hands           Tmut           0%         N/A       100%        5
g - Simulacrum            Ice/Necr       0%         N/A       100%        6
h - Spellforged Servitor  Conj/Summ      0%         N/A       100%        7
i - Malign Gateway        Summ/Tloc      0%         N/A       100%        7
j - Maxwell's Capacitive  Air            0%         ∞         100%        8
Your spell library was empty.


Dungeon Overview and Level Annotations

Branches:
Dungeon (15/15)            Temple (0/1) D:4            Lair (5/5) D:9
  Swamp (4/4) Lair:3       Spider (4/4) Lair:3        Slime (0/5) Lair:5
    Orc (2/2) D:10            Elf (0/3) Orc:2        Vaults (2/5) D:13
 Depths (0/4) D:15        Ossuary (visited)           IceCv (visited)
  Crypt: Vaults:2-3

Altars:
Cheibriados
Dithmenos
Elyvilon
Nemelex Xobeh
Okawaru
Qazlal
Uskayaw
Wu Jian
Yredelemnul
Jiyva

Shops:
D:5 [   D:6 :**   D:7 *   D:12 :   Orc:1 *   Orc:2 =((=!   Vaults:1 (

Annotations:
D:5 1 transporter
D:15 3 runed translucent doors, selver's ghost, adept FoFi
Lair:2 1 runed translucent door, Pamiuf's ghost, journeyman KoSu
Spider:1 1 runed translucent door, sampeng1's ghost, journeyman MiBe
Vaults:1 3 runed translucent doors, Zotwa's ghost, adept GnSk


Innate Abilities, Weirdness & Mutations

You are immune to sickness and miasma.
You are immune to poison.
Your flesh is very heat resistant. (rF++)
You are vulnerable to cold. (rC-)
You float through the air rather than walking.
You learn spells naturally, not from books.
Your magical power is your life essence.
You have superior vitality. (+4 MHP)


Message History

The vault warden hits you with a +0 great mace!
A vault warden comes into view. It is wielding a +0 great mace.
The yaktaur shoots a bolt.
The bolt hits you!
* * * LOW HITPOINT WARNING * * *
You take 50 damage, and have 44/163 hp.
MASSIVE DAMAGE!!
Okay, then.
Unknown command.
Unknown command.
Okay, then.
Press: ? - help, v - describe, . - travel, g - get item
Here: a vault warden, wielding a +0 great mace and wearing a +0 plate armour (moderately wounded)
Items here: )) [[ ††.
An open door, spattered with blood.
There are monsters nearby!
Unknown command.
Unknown command.
Press: ? - help, v - describe, . - travel, g - get item
Here: a vault warden, wielding a +0 great mace and wearing a +0 plate armour (moderately wounded)
Items here: )) [[ ††.
An open door, spattered with blood.
Unknown command.
Unknown command.
Unknown command.
Press: ? - help, v - describe, . - travel
Here: a vault warden, wielding a +0 great mace and wearing a +0 plate armour The floor.
As you read the scroll of fear, it crumbles to dust.
You assume a fearsome visage.
The vault warden looks frightened!
The yaktaur looks frightened!
The deep troll looks frightened! x3
The vault warden resists with some effort.
The vault guard looks frightened!
The vault warden hits you but does no damage.
You regained 2 hp, and now have 46/163 hp.
The Singing Sword sighs.
You hear the crackle of electricity.
b - a +5 demon blade of electrocution (weapon)
A yaktaur comes into view.
You block the vault warden's attack.
Throw: 2 throwing nets
Press: ? - help, Q - select action, (/) - cycle Shift-Dir - straight line, f/p - vault warden
Aim: a vault warden, wielding a +0 great mace and wearing a +0 plate armour (moderately wounded, 74% to hit)
You throw a throwing net. The throwing net hits the yaktaur.
The yaktaur is caught in the net!
The vault warden hits you with a +0 great mace!!
* * * LOW HITPOINT WARNING * * *
The yaktaur struggles against the net.
You take 31 damage, and have 16/163 hp.
You feel much better.
The yaktaur struggles against the net.
The vault warden hits you with a +0 great mace!!
You die...

#......# #......#
#......# #T....T#
#......#
########......# #
#......#......#######
#
#......#.....)p...)..
##
#......+p....@#...##.
.###......+..[..$#
#p...
...'......+.)....#
..#
...'......#......# #
.##########......# ##
#T.....# # #......# #
#.....c# #......#


You could see a vault warden, a vault guard (fleeing), 3 deep trolls and a
yaktaur (caught).

Vanquished Creatures
  Bai Suzhen (Spider:4)
  Arachne (Spider:4)
  Gastronok (D:10)
  A thorn hunter (Swamp:4)
  Donald (Spider:4)
  Roxanne (D:15)
  3 emperor scorpions
  Aizul (Spider:4)
  Louise (D:14)
  6 ghost moths
  An orc warlord (Vaults:1)
  7 ironbound preservers
  2 reapers (D:13)
  3 broodmothers
  An ironbound thunderhulk (Vaults:1)
  5 eleionomae
  5 dire elephants (Vaults:1)
  4 spark wasps
  3 bunyips
  Josephine (D:14)
  Snorg (D:14)
  A deep elf death mage (D:13)
  3 shambling mangroves
  A great orb of eyes (Vaults:1)
  A yaktaur captain (Vaults:1)
  2 ice dragons (D:15)
  Harold (Lair:2)
  6 entropy weavers
  27 hydras
  2 ghost crabs
  A vault guard (Vaults:2)
  7 jorogumos
  2 catoblepae
  8 centaur warriors
  4 ironbound frosthearts
  2 ogre magi
  7 alligators
  7 radroaches
  9 two-headed ogres
  5 boulder beetles
  9 death yaks
  3 tengu warriors
  A deep troll earth mage (D:14)
  An orc high priest (Orc:1)
  A deep troll shaman (Lair:5)
  A spriggan berserker (Swamp:4)
  3 soul eaters (D:13)
  7 spriggans
  Nergalle (Lair:2)
  A skyshark (Lair:4)
  12 pharaoh ants
  4 shadow wraiths (D:13)
  9 goliath frogs
  11 orb spiders
  5 sun moths
  4 spriggan druids
  10 swamp dragons
  A death drake (Swamp:2)
  21 deep trolls
  5 bog bodies
  3 wizards
  Pikel (D:4)
  11 steelbarb worms
  4 ironbound convokers
  A wolf spider zombie (D:13)
  8 necromancers
  4 orc knights (Vaults:1)
  17 ugly things
  10 cyclopes
  2 manticores
  8 orc sorcerers
  23 wolf spiders
  3 will-o-the-wisps (Swamp:4)
  5 moths of wrath
  4 deep elf pyromancers
  2 spectral centaurs (D:13)
  An ice statue (IceCv)
  3 centaur zombies (D:13)
  4 black mambas
  17 elephants
  4 vault sentinels
  Joseph (D:8)
  14 cane toads
  11 centaur skeletons (D:13)
  5 torpor snails
  7 demonic crawlers
  An unseen horror (D:11)
  A kobold demonologist (D:13)
  An efreet (D:14)
  2 tormentors (D:13)
  A freezing wraith (D:13)
  2 rime drakes (Lair:3)
  6 yaktaurs
  11 komodo dragons
  A tengu conjurer (D:15)
  A troll (shapeshifter) (D:15)
  4 red devils (D:14)
  A harpy zombie (D:13)
  A troll (D:11)
  16 polar bears
  7 meliai
  Prince Ribbit (D:6)
  Grinder (D:3)
  8 tyrant leeches
  15 hornets
  A raiju (shapeshifter) (D:15)
  18 blink frogs
  21 tarantellas
  6 dream sheep (Lair:4)
  Sigmund (D:4)
  7 centaur simulacra (D:13)
  22 culicivoras
  39 jumping spiders
  2 shadows (D:12)
  35 slime creatures
  6 wraiths
  63 yaks
  5 wyverns
  A basilisk (D:14)
  Eustachio (D:6)
  A steam dragon (D:9)
  71 redbacks
  A redback (shapeshifter) (D:14)
  21 vampire mosquitoes
  Menkaure (D:6)
  11 swamp worms
  8 wargs
  3 acid dragons
  Duvessa (D:4)
  13 water moccasins
  22 orc warriors
  5 swamp drakes
  A sky beast (D:8)
  A meliai simulacrum (D:13)
  4 black bears
  An ice beast (Vaults:2)
  6 ogres
  9 centaurs
  35 wolves
  2 phantoms (D:5)
  2 elf zombies (D:4)
  5 kobold brigands
  5 scorpions
  Blork the orc (D:6)
  7 bullfrogs
  An elf skeleton (D:4)
  2 water moccasin zombies (Ossuary)
  8 wights
  Dowan (D:4)
  2 killer bees
  12 howler monkeys
  An electric eel (Lair:5)
  7 jellies
  4 hounds
  18 orc priests
  2 human zombies (D:4)
  2 gnoll boudas
  4 iguanas
  2 sleepcaps
  Jessica (D:3)
  4 human skeletons (D:4)
  Terence (D:2)
  Natasha (twice) (D:2)
  60 orc wizards
  2 yak simulacra (Lair:3)
  3 polar bear simulacra (Lair:3)
  5 wolf simulacra (Lair:3)
  A boggart skeleton (D:13)
  2 boggart simulacra
  2 mummies (Ossuary)
  Robin (D:3)
  7 gnolls
  9 adders
  14 white imps
  2 ufetubi (D:5)
  5 adder zombies (Ossuary)
  A worm (D:2)
  2 dart slugs
  101 orcs
  7 bats
  7 endoplasms
  4 giant cockroaches
  3 gnoll zombies (Ossuary)
  14 goblins
  5 hobgoblins
  6 jackals
  5 quokkas
  2 ball pythons
  6 frilled lizards
  5 hobgoblin zombies (Ossuary)
  26 kobolds
  5 kobold zombies (Ossuary)
  2 orc skeletons (D:4)
  4 orc zombies (Ossuary)
  4 rats
  A river rat simulacrum (Lair:3)
  A fire vortex (Lair:1)
1373 creatures vanquished.

Vanquished Creatures (collateral kills)
  A war gargoyle (Vaults:1)
  An ironbound preserver (Vaults:1)
  3 dire elephants (Vaults:1)
  A crystal guardian (Vaults:1)
  A peacekeeper (Vaults:1)
  2 deep trolls (Vaults:1)
  An orb spider (Spider:4)
  A steelbarb worm (Spider:1)
  2 slime creatures (Vaults:1)
  A culicivora (Spider:1)
  A wight (D:7)
  An orc priest (D:7)
  An orc (D:7)
17 creatures vanquished.

Vanquished Creatures (others)
  An alligator (Swamp:3)
  Maurice (D:13)
  A bloated husk (Swamp:1)
  A tyrant leech (Swamp:3)
  A kobold brigand (D:10)
  A wight (D:7)
  3 killer bees (D:7)
  2 orc wizards
  An orc (D:7)
  A ball python (D:4)
  A fire vortex (Lair:1)
  14 foxfires (Swamp:4)
28 creatures vanquished.

Grand Total: 1418 creatures vanquished

Notes
Turn   | Place    | Note
-------+----------+-------------------------------------------
     0 | D:1      | backslashecho the Djinni Berserker began the quest for the
                  | Orb.
     0 | D:1      | Reached XP level 1. HP: 20/20 MP: 0/0
   222 | D:1      | Reached XP level 2. HP: 21/25 MP: 0/0
   458 | D:1      | Reached skill level 1 in Unarmed Combat
   607 | D:1      | You are sucked into a shaft and drop 1 floor!
   795 | D:2      | Reached XP level 3. HP: 21/30 MP: 0/0
   795 | D:2      | Learned a level 1 spell: Beastly Appendage
   947 | D:2      | Reached ** piety under Trog
  1015 | D:2      | Reached XP level 4. HP: 27/35 MP: 0/0
  1077 | D:2      | Found a faded altar of an unknown god.
  1149 | D:2      | Noticed Terence
  1164 | D:2      | Killed Terence
  1348 | D:2      | Noticed Natasha
  1361 | D:2      | Killed Natasha
  1362 | D:2      | Reached XP level 5. HP: 25/40 MP: 0/0
  1362 | D:2      | Learned a level 2 spell: Lesser Beckoning
  1622 | D:3      | Identified the +1 flail "Motrau" {speed, *Rage rF+ Dex+7
                  | SInv}
  1760 | D:3      | Noticed Grinder
  1775 | D:3      | Killed Grinder
  1776 | D:3      | Reached skill level 4 in Fighting
  1776 | D:3      | Reached XP level 6. HP: 47/47 MP: 0/0
  1839 | D:3      | Noticed Jessica
  1845 | D:3      | Killed Jessica
  2024 | D:3      | Reached skill level 5 in Long Blades
  2024 | D:3      | Reached XP level 7. HP: 38/53 MP: 0/0
  2024 | D:3      | Learned a level 3 spell: Stone Arrow
  2158 | D:3      | Found a basalt altar of Yredelemnul.
  2547 | D:3      | Noticed Robin
  2582 | D:3      | Killed Robin
  2845 | D:4      | Found a sand-covered staircase.
  2857 | Ossuary  | Entered an ossuary
  2893 | Ossuary  | Reached *** piety under Trog
  3332 | D:4      | Reached skill level 5 in Fighting
  3332 | D:4      | Reached XP level 8. HP: 59/59 MP: 0/0
  3344 | D:4      | Reached skill level 5 in Dodging
  3443 | D:2      | Noticed Natasha
  3461 | D:2      | Killed Natasha
  3826 | D:4      | Found a staircase to the Ecumenical Temple.
  3960 | D:4      | Noticed Pikel
  3974 | D:4      | Killed Pikel
  3975 | D:4      | Reached skill level 6 in Fighting
  3975 | D:4      | Reached XP level 9. HP: 43/66 MP: 0/0
  3975 | D:4      | Learned a level 3 spell: Swiftness
  4035 | D:4      | Noticed Dowan
  4088 | D:4      | Noticed Duvessa
  4103 | D:4      | Killed Duvessa
  4121 | D:4      | Killed Dowan
  4282 | D:4      | Noticed Sigmund
  4285 | D:4      | Killed Sigmund
  4636 | D:5      | Entered Level 5 of the Dungeon
  4980 | D:5      | Reached **** piety under Trog
  5303 | D:5      | Reached skill level 7 in Fighting
  5306 | D:5      | Found a transporter.
  5392 | D:5      | Found Selam's Armour Boutique.
  5401 | D:5      | Bought a +0 kite shield for 63 gold pieces
  5578 | D:5      | Found a transporter.
  5900 | D:6      | Noticed Blork the orc
  6016 | D:6      | Killed Blork the orc
  6017 | D:6      | Reached XP level 10. HP: 75/75 MP: 0/0
  6191 | D:6      | Found Ceit's Vocational Training.
  6226 | D:6      | Found a sparkling altar of Nemelex Xobeh.
  6260 | D:6      | Noticed Menkaure
  6271 | D:6      | Killed Menkaure
  6282 | D:6      | Noticed Eustachio
  6304 | D:6      | Killed Eustachio
  6869 | D:6      | Noticed Prince Ribbit
  6892 | D:6      | Killed Prince Ribbit
  7363 | D:6      | Found Otzekimn's Specific Store.
  7372 | D:6      | Found Seis Nuu's General Store.
  7941 | D:7      | Reached skill level 10 in Long Blades
  8274 | D:7      | Reached skill level 8 in Fighting
  8284 | D:7      | Identified the +3 leather armour of Cocytus {*Corrode
                  | +Blink Str+2}
  8300 | D:7      | Found Ugots's Hallowed Reliquary.
  8300 | D:7      | Noticed an angel
  8306 | D:7      | Bought a potion of curing for 36 gold pieces
  8306 | D:7      | Bought a potion of heal wounds for 60 gold pieces
  8306 | D:7      | Bought a potion of curing for 36 gold pieces
  9079 | D:8      | Found a hide-covered altar of Uskayaw.
  9081 | D:8      | Noticed a two-headed ogre
  9098 | D:7      | Reached XP level 11. HP: 77/82 MP: 0/0
  9098 | D:7      | Learned a level 4 spell: Sticky Flame
  9146 | D:8      | Found a stormy altar of Qazlal.
  9159 | D:8      | Identified a scroll of acquirement
  9159 | D:8      | Acquired the amulet of Roagh {Reflect Contam Harm rC+ Will+
                  | Dex+2 SH+5}
  9176 | D:8      | Killed a two-headed ogre
  9232 | D:8      | Found a white marble altar of Elyvilon.
  9381 | D:8      | Noticed Joseph
  9637 | D:8      | Killed Joseph
  9758 | D:8      | Reached skill level 1 in Shields
 10059 | D:8      | Found an ornate altar of the Wu Jian Council.
 10184 | D:8      | Reached skill level 9 in Fighting
 11702 | D:9      | Found a staircase to the Lair.
 11805 | D:10     | Entered Level 10 of the Dungeon
 12021 | D:10     | Found a shadowy altar of Dithmenos.
 12102 | D:10     | Reached ***** piety under Trog
 12159 | D:10     | Found a staircase to the Orcish Mines.
 12299 | D:10     | Noticed a two-headed ogre
 12323 | D:10     | Killed a two-headed ogre
 12324 | D:10     | Reached skill level 10 in Dodging
 12651 | D:10     | Noticed Gastronok
 12676 | D:10     | Killed Gastronok
 12677 | D:10     | Reached XP level 12. HP: 89/89 MP: 0/0
 13348 | D:11     | Noticed a two-headed ogre
 13355 | D:11     | Noticed a four-headed hydra
 13358 | D:11     | Killed a two-headed ogre
 13371 | D:11     | Killed a four-headed hydra
 13372 | D:11     | Reached skill level 5 in Shields
 13472 | D:11     | Found the +1 robe of Vines {NoPotionHeal Regen++++}
 14066 | Lair:1   | Entered Level 1 of the Lair of Beasts
 14341 | Lair:1   | Received a gift from Trog
 15240 | Lair:2   | Reached XP level 13. HP: 31/94 MP: 0/0
 15240 | Lair:2   | Learned a level 5 spell: Blade Hands
 15845 | Lair:2   | Found a runed translucent door.
 15849 | Lair:2   | Noticed Pamiuf's ghost (journeyman KoSu)
 15869 | Lair:2   | Noticed Harold
 15880 | Lair:2   | Killed Harold
 16147 | Lair:2   | Noticed Nergalle
 16158 | Lair:2   | Killed Nergalle
 16370 | Lair:3   | Found a frozen archway.
 16486 | IceCv    | Entered an ice cave
 16968 | IceCv    | Reached skill level 15 in Long Blades
 16982 | IceCv    | Reached XP level 14. HP: 70/101 MP: 0/0
 17639 | Lair:3   | Found a hole to the Spider Nest.
 18105 | Lair:3   | Reached skill level 1 in Stealth
 18319 | Lair:3   | Received a gift from Trog
 18329 | Lair:3   | Reached skill level 1 in Throwing
 18993 | Lair:3   | Found a staircase to the Swamp.
 19573 | Lair:4   | Found a snail-covered altar of Cheibriados.
 20139 | Lair:5   | Entered Level 5 of the Lair of Beasts
 20337 | Lair:5   | Reached XP level 15. HP: 106/106 MP: 0/0
 20337 | Lair:5   | Learned a level 6 spell: Simulacrum
 20424 | Lair:5   | Reached skill level 5 in Stealth
 20452 | Lair:5   | Received a gift from Trog
 20465 | Lair:5   | Found a viscous altar of Jiyva.
 20876 | Lair:5   | Reached skill level 10 in Fighting
 21037 | Lair:5   | Found a staircase to the Slime Pits.
 21550 | Lair:5   | Reached skill level 11 in Fighting
 22074 | D:12     | Found Esuvymal's Tremendous Tomes.
 22812 | D:12     | Identified the +1 leather armour "Synexerch" {rF+}
 22971 | D:12     | Reached skill level 5 in Throwing
 23413 | Orc:1    | Entered Level 1 of the Orcish Mines
 23586 | Orc:1    | Found Qufeirae's CLEARANCE SALE!.
 23607 | Orc:1    | Received a gift from Trog
 23738 | Orc:1    | Bought a potion of heal wounds for 25 gold pieces
 23787 | Orc:2    | Entered Level 2 of the Orcish Mines
 24053 | Orc:2    | Reached ****** piety under Trog
 24150 | Orc:2    | Found Xixzeut's Jewellery Emporium.
 24416 | Orc:2    | Found a staircase to the Elven Halls.
 24792 | Orc:2    | Received a gift from Trog
 25027 | Orc:2    | Reached XP level 16. HP: 82/118 MP: 0/0
 25051 | Orc:2    | Reached skill level 10 in Shields
 25055 | Orc:2    | Found Hoetourgh's Weapon Shop.
 25055 | Orc:2    | Found Uckecac's Weapon Emporium.
 25131 | Orc:2    | Found Bonui's Distillery.
 25131 | Orc:2    | Found Ponuijes's Jewellery Emporium.
 25187 | Orc:2    | Bought the +11 Singing Sword {sonic wave} for 1700 gold
                  | pieces
 25187 | Orc:2    | Found the +11 Singing Sword {sonic wave}
 25682 | D:13     | Found a gate to the Vaults.
 25718 | D:13     | Reached skill level 12 in Fighting
 26172 | D:13     | Identified the +1 long sword of Discord {antimagic, rN+
                  | Will+} (Trog gifted it to you on level 13 of the Dungeon)
 26172 | D:13     | Received a gift from Trog
 26784 | D:13     | Identified the +6 morningstar of Fuastromm {pain, rElec
                  | rF+++ MP+9 Int-3}
 26786 | D:13     | Killed Maurice
 27109 | D:13     | Identified the +8 sling of Compassion {heavy, Fragile rPois
                  | Int+5 Dex+4}
 27421 | D:14     | Noticed Snorg
 27434 | D:14     | Killed Snorg
 27585 | D:14     | Noticed Louise
 27607 | D:14     | Killed Louise
 27608 | D:14     | Reached skill level 13 in Fighting
 27663 | D:14     | Received a gift from Trog
 28020 | D:14     | Reached XP level 17. HP: 118/126 MP: 0/0
 28020 | D:14     | Learned a level 7 spell: Spellforged Servitor
 28023 | D:14     | Noticed Josephine
 28027 | D:14     | Killed Josephine
 28391 | D:14     | Reached skill level 15 in Dodging
 28820 | D:15     | Entered Level 15 of the Dungeon
 29021 | D:15     | Noticed Roxanne
 29044 | D:15     | Reached skill level 14 in Fighting
 29068 | D:15     | Killed Roxanne
 29431 | D:15     | Found a staircase to the Depths.
 29681 | D:15     | Found a runed translucent gate.
 29681 | D:15     | Found a runed translucent gate.
 29681 | D:15     | Found a runed translucent gate.
 29681 | D:15     | Found an iron altar of Okawaru.
 29681 | D:15     | Noticed selver's ghost (adept FoFi)
 30044 | Orc:2    | Bought the ring of Fuuggu {rN+ AC+4 Int+4} for 722 gold
                  | pieces
 30044 | Orc:2    | Bought a ring of resist corrosion for 260 gold pieces
 30322 | Swamp:1  | Entered Level 1 of the Swamp
 30335 | Swamp:1  | Received a gift from Trog
 30947 | Swamp:1  | Reached skill level 5 in Armour
 31439 | Swamp:1  | Found a sparkling altar of Nemelex Xobeh.
 31896 | Swamp:2  | Reached XP level 18. HP: 129/137 MP: 0/0
 32418 | Swamp:3  | Reached skill level 15 in Fighting
 33204 | Swamp:4  | Entered Level 4 of the Swamp
 33255 | Swamp:3  | Reached skill level 1 in Evocations
 33896 | Swamp:4  | Received a gift from Trog
 33919 | Swamp:3  | Acquired 740 gold pieces
 34012 | Swamp:4  | Reached skill level 5 in Evocations
 34262 | Swamp:4  | Got a decaying rune of Zot
 34674 | Spider:1 | Entered Level 1 of the Spider Nest
 34903 | Spider:1 | Found a runed translucent door.
 34904 | Spider:1 | Noticed sampeng1's ghost (journeyman MiBe)
 35288 | Spider:1 | Reached XP level 19. HP: 145/145 MP: 0/0
 35288 | Spider:1 | Learned a level 7 spell: Malign Gateway
 36243 | Spider:1 | Received a gift from Trog
 36917 | Spider:2 | Reached skill level 16 in Fighting
 38512 | Spider:3 | Received a gift from Trog
 39480 | Spider:4 | Entered Level 4 of the Spider Nest
 39550 | Spider:3 | Reached XP level 20. HP: 89/154 MP: 0/0
 39967 | Spider:4 | Received a gift from Trog
 39971 | Spider:4 | Reached skill level 17 in Fighting
 40900 | Spider:4 | Noticed Donald
 40903 | Spider:4 | Noticed Aizul
 40915 | Spider:4 | Killed Donald
 41019 | Spider:4 | Noticed Arachne
 41175 | Spider:4 | Noticed Bai Suzhen
 41190 | Spider:4 | Killed Bai Suzhen
 41244 | Spider:4 | Killed Aizul
 42077 | Spider:4 | Got a gossamer rune of Zot
 42140 | Spider:4 | Identified the +1 pair of boots "Qicarini" {Harm rPois
                  | Str-2 Dex+5 SInv}
 42391 | Spider:4 | Killed Arachne
 42804 | Vaults:1 | Entered Level 1 of the Vaults
 43269 | Orc:2    | Bought a +2 demon blade of electrocution for 841 gold
                  | pieces
 43849 | Vaults:1 | Reached skill level 18 in Fighting
 43852 | Vaults:1 | Reached XP level 21. HP: 163/163 MP: 0/0
 43852 | Vaults:1 | Learned a level 8 spell: Maxwell's Capacitive Coupling
 43857 | Vaults:1 | Identified the +6 long sword "Kidiar" {flame, Will+ rCorr
                  | Int-5 Dex+2} (Trog gifted it to you on level 1 of the
                  | Vaults)
 43857 | Vaults:1 | Received a gift from Trog
 43870 | Vaults:1 | Found a runed translucent gate.
 43870 | Vaults:1 | Found a runed translucent gate.
 43871 | Vaults:1 | Found a runed translucent gate.
 43891 | Vaults:1 | Found Zogast's Weapon Emporium.
 43920 | Vaults:1 | Noticed Zotwa's ghost (adept GnSk)
 44984 | Vaults:2 | Mangled by a vault warden

Illustrated notes

Levels and vault maps discovered:
D:1:      elethiomel_arrival_shortcut, layout_loops_ring, serial_bayou_pond_d
D:2:      layout_rooms, ebering_ecumenical_altar_hall,
          kennysheep_generic_room_4, uniq_terence, uniq_natasha
D:3:      layout_loops_corners, nicolae_overflow_crystal_walls,
          roderic_three_in_a_row, uniq_grinder, uniq_jessica, uniq_robin
D:4:      layout_basic, minmay_temple_entry_glassed_door,
          nicolae_ossuary_entry_catacombs, hangedman_minor_gate_pass,
          uniq_pikel, uniq_duvessa, uniq_sigmund
D:5:      gammafunk_steamed_eel, layout_loops_ring, serial_shops, shop,
          nrook_pool_corridor
D:6:      cheibrodos_thug_alley, layout_loops_corners,
          nemelex_xobeh_ov_fountains_minmay, old_standard_altar, st_stairs_10,
          minmay_hedge_maze, nicolae_specific_store, nicolae_shop_vocational,
          uniq_eustachio, uniq_blork_the_orc, uniq_menkaure, uniq_prince_ribbit1
D:7:      layout_basic, grunt_ministairs_14, nicolae_good_shop
D:8:      layout_loops_ring, pdpol_wu_jian_five_deadly_venoms,
          grunt_temple_overflow_open, kennysheep_mini,
          mainiacjoe_overflow_small_starburst, uniq_joseph
D:9:      layout_basic, lair_entry_dummy
D:10:     layout_roguey, mainiacjoe_overflow_large_starburst, erik_orc_1,
          serial_rivers, chequers_serial_rivers_large_b,
          chequers_serial_rivers_room_b, chequers_serial_rivers_micro_b,
          chequers_serial_rivers_micro_a, chequers_serial_rivers_marsh,
          chequers_serial_rivers_large_a, uniq_gastronok
D:11:     minmay_evil_eye, layout_loops_ring, hellmonk_guarded_unrand_vines
D:12:     layout_grid_maze, nicolae_shop_i_like_big_books, eino_tiny_chamber
D:13:     evilmike_negative_zone, layout_basic,
          skrybe_vaults_entry_preservation, uniq_maurice
D:14:     kennysheep_green_arena, layout_loops_corners, solitary_fountain,
          einodemon_armed_red_devil_minivault, uniq_josephine, uniq_snorg,
          uniq_louise
D:15:     grunt_enter_depths_hoard, layout_stronghold,
          gammafunk_ghost_fury_of_okawaru, uniq_roxanne
Lair:1:   layout_gridlike, nicolae_quartered_pool_impasse,
          gammafunk_lair_bear_cave
Lair:2:   layout_cave_pods, ebering_ghost_reflecting_pool, grunt_megastairs_3,
          lemuel_fruit_fields, uniq_nergalle, uniq_harold
Lair:3:   nzn_winding_woodlands_medium [nzn_winding_woodlands_5x5_default,
          nzn_winding_woodlands_5x15_cabin, nzn_winding_woodlands_5x5_cross,
          nzn_winding_woodlands_5x5_checkerboard,
          nzn_winding_woodlands_center_diamonds,
          nzn_winding_woodlands_5x5_perimeter,
          nzn_winding_woodlands_5x5_open_star,
          nzn_winding_woodlands_5x15_sawtooth,
          nzn_winding_woodlands_5x5_closed_star], layout_chaotic_city,
          palyth_hydra_swamp_entry, spider_nest_entry_webs,
          portal_ice_cave_entry_imps, eino_house_with_fridge
Lair:4:   layout_cave_pods, basic_altar, grunt_megastairs_2
Lair:5:   grunt_lair_end_beastmaster, layout_big_grid,
          minmay_slime_entry_pillars, pond, serial_bayou_shore_a
Swamp:1:  layout_basic_swamp, nicolae_swamp_godswood, swamp_pool1,
          infiniplex_staircase_pool
Swamp:2:  layout_falls_marsh, evilmike_swamp_ruin_house_4
Swamp:3:  layout_basic_swamp, evilmike_swamp_ruin_house_6
Swamp:4:  swamp_basic_johnstein, layout_basic_swamp
Spider:1: layout_spider_delve, ebering_ghost_inner_flame
Spider:2: layout_spider_delve, nicolae_spider_solar_radiation
Spider:3: layout_spider_delve
Spider:4: johnstein_spider_rune_arachne_lair, uniq_donald, uniq_arachne,
          uniq_bai_suzhen, uniq_aizul
Orc:1:    layout_caves, serial_shops, nicolae_shop_clearance
Orc:2:    st_orc_town, layout_diamond_mine, serial_shops, shop
Vaults:1: gammafunk_ghost_spectres, nicolae_vaults_trapezoid_4,
          vaults_dpeg_diagonal, nicolae_vaults_big_angled_halls,
          ontoclasm_vaults_misaligned, v_misc_1, nicolae_vaults_trapezoid_1,
          nicolae_vaults_double_plus_3, nicolae_vaults_offset_grid_hallway_4,
          layout_vaults_ring, serial_shops, nicolae_shop_back_alley_shop
Vaults:2: nicolae_vaults_asterisk, nicolae_vaults_ellipses_ellipsis,
          nicolae_vaults_tangram_1, hangedman_vaults_nails,
          nicolae_vaults_stand_back, ontoclasm_vaults_spin,
          hangedman_vaults_stretched_pinwheel, nicolae_vaults_shrinking_rooms_2,
          serial_ice_g, nicolae_vaults_trapezoid_layered,
          ontoclasm_vaults_pinch, nicolae_vaults_little_squares_4,
          nicolae_vaults_closet_pinwheel_4, vaults_room_boxed,
          layout_vaults_omnicross, serial_shops, shop, uniq_margery

Skill      XL: |  1  2  3  4  5  6  7  8  9 10 11 12 13 14 15 16 17 18 19 20 21 |
---------------+----------------------------------------------------------------+-----
Unarmed Combat | 1 |  1.0
Long Blades    | 3 4 5 7 8 10 12 13 15 16 | 16.0
Dodging        | 3 4 6 7 8 10 11 12 13 14 16 17 | 17.8
Fighting       | 4 5 6 7 8 9 11 13 14 15 16 18 | 18.2
Shields        | 4 6 8 9 12 13 14 | 14.6
Stealth        | 4 5 6 9 |  9.0
Throwing       | 3 6 |  6.0
Armour         | 4 7 9 |  9.0
Evocations     | 6 9 |  9.0

Action                     |  1- 3 |  4- 6 |  7- 9 | 10-12 | 13-15 | 16-18 | 19-21 || total
---------------------------+-------+-------+-------+-------+-------+-------+-------++-------
  Melee: Falchion          |   117 |    90 |   334 |       |       |       |       ||   541
         Punch             |     2 |       |    11 |       |       |       |       ||    13
         Long sword        |       |       |   305 |   686 |   633 |     3 |       ||  1627
         Dagger            |       |       |       |     8 |    59 |    31 |     5 ||   103
         Demon blade       |       |       |       |       |   458 |    37 |       ||   495
         Double sword      |       |       |       |       |       |   722 |   820 ||  1542
         Scimitar          |       |       |       |       |       |    53 |    32 ||    85
  Throw: Dart              |       |       |       |    32 |     2 |     7 |    46 ||    87
         Throwing net      |       |       |       |       |       |       |     1 ||     1
 Invoke: Berserk           |       |     3 |     6 |     8 |    10 |     7 |     2 ||    36
         Trog's Hand       |       |     1 |     3 |     5 |     9 |     8 |    13 ||    39
         Brothers in Arms  |       |       |       |       |       |       |     2 ||     2
  Evoke: Wand              |       |       |    12 |    13 |     3 |       |    14 ||    42
         Phantom mirror    |       |       |       |       |     1 |       |     1 ||     2
         Box of beasts     |       |       |       |       |       |       |     1 ||     1
    Use: Scroll            |       |       |    13 |    10 |     6 |     8 |    13 ||    50
         Potion            |       |       |       |       |     3 |     6 |     4 ||    13
   Stab: Confused          |       |       |       |     3 |     1 |       |       ||     4
         Sleeping          |       |       |       |     3 |    14 |     8 |     4 ||    29
         Distracted        |       |       |       |       |     4 |     4 |     6 ||    14
         Held in net/web   |       |       |       |       |     1 |       |     3 ||     4
 Armour: Animal skin       |    11 |       |       |       |       |       |       ||    11
         Chain mail        |    82 |    14 |       |       |       |       |       ||    96
         Scale mail        |       |    29 |    94 |       |       |       |       ||   123
         Ring mail         |       |       |   103 |    20 |       |       |       ||   123
         Leather armour    |       |       |       |   112 |    92 |    21 |       ||   225
         Troll leather arm |       |       |       |       |       |    25 |       ||    25
         Ice dragon scales |       |       |       |       |       |   123 |   279 ||   402
         Storm dragon scal |       |       |       |       |       |       |    42 ||    42
  Dodge: Dodged            |    62 |    50 |   349 |   316 |   508 |   492 |   496 ||  2273
  Block: Kite shield       |       |       |     5 |    41 |   666 |   741 |   743 ||  2196
         Buckler           |       |       |       |   193 |   148 |       |       ||   341
         Reflection        |       |       |       |     7 |     9 |    17 |    22 ||    55
         Tower shield      |       |       |       |       |       |       |   192 ||   192
